 Dungeon Crawl Stone Soup version 0.20.1-1-g8b1a95d (webtiles) character file.

202 vatarom the Chopper (level 5, -4/70 HPs)
             Began as a Draconian Chaos Knight on Oct 13, 2017.
             Slain by an iguana (8 damage)
             ... on level 4 of the Dungeon.
             The game lasted 00:06:54 (2771 turns).

vatarom the Chopper (Draconian Chaos Knight)        Turns: 2771, Time: 00:06:55

Health: -4/70      AC: 22    Str: 19    XL:     5   Next: 50%
Magic:  5/5        EV:  2    Int: 12    God:    Xom [..*...]
Gold:   168        SH:  0    Dex: 12    Spells: 4/4 levels left

rFire    . . .     SeeInvis .   a - +0 hand axe (chaos)
rCold    . . .     Gourm    .   (no shield)
rNeg     + + +     Faith    .   (armour unavailable)
rPois    +         Spirit   .   (helmet currently unavailable)
rElec    .         Reflect  .   (cloak currently unavailable)
rCorr    .         Harm     .   (gloves currently unavailable)
MR       .....     NoTele   +   (boots currently unavailable)
Stlth    +.........             (no amulet)
Regen    0.3/turn               c - ring of wizardry
MPRegen  0.1/turn               (no ring)

@: mighty, tree-form, very slightly contaminated, invisible
A: unfitting armour, AC +5
a: Renounce Religion


You were on level 4 of the Dungeon.
You worshipped Xom.
You were a toy of Xom.
You were not hungry.
You were a tree.
You visited 1 branch of the dungeon, and saw 4 of its levels.

You collected 168 gold pieces.

Inventory:

Hand Weapons
 a - a +0 hand axe of chaos (weapon)
Armour
 k - a +0 pair of boots (melded)
Jewellery
 c - a ring of wizardry (left branch)
Scrolls
 d - 4 scrolls of identify
 l - a scroll of blinking
 m - a scroll of teleportation
Potions
 g - 2 potions of might
Comestibles
 b - 2 bread rations
 f - 2 royal jellies
 i - a meat ration


   Skills:
 + Level 4.6 Fighting
   Level 0.6 Long Blades
 * Level 4.7 Axes
 + Level 3.1 Dodging


You had 4 spell levels left.
You didn't know any spells.

Dungeon Overview and Level Annotations

Branches:
Dungeon (4/15)
 Temple: D:4-7

Altars:
Nemelex Xobeh


Innate Abilities, Weirdness & Mutations

((Your plain brown scales are hard. (AC +5)))
You cannot fit into any form of body armour.
((You are cold-blooded and may be slowed by cold attacks.))


Message History

You fade into invisibility!
Something bites you but does no damage.
You are very lightly contaminated with residual magic.
You miss something. You tail-slap something.
Something bites you but does no damage. Something barely misses you.
You closely miss something. Something barely misses you. Something bites you.
You miss something. Something barely misses you.
You barely miss something. Something bites you. x2
* * * LOW HITPOINT WARNING * * *
You barely miss something. You tail-slap something. Something bites you!
* * * LOW HITPOINT WARNING * * *
Unknown command.
You turn into a tree.
Your +0 pair of boots melds into your body.
Your roots penetrate the ground.
Something bites you but does no damage. x2
You feel very mighty all of a sudden. Something bites you but does no damage.
Unknown command.
You closely miss something. Something bites you!
You die...

#.#P ... .=.
..#########
#.#........
#...≈≈≈≈≈.≈
######.{.≈≈≈≈≈.≈
#..(...♣.≈≈≈≈≈.≈
#.##$....≈≈≈≈≈.≈≈≈≈.#
.....##........≈≈≈≈.#
#### ##.≈≈≈≈.......#
#.≈≈≈≈.≈≈≈≈≈.#
###.≈≈≈≈.≈≈≈≈≈.##
#...≈≈≈≈.≈≈≈≈≈..#
###.≈≈≈≈.≈≈≈≈≈..#
#.............#


There were no monsters in sight!

Vanquished Creatures
  A howler monkey (D:4)
  An orc wizard (D:3)
  3 gnolls (D:3)
  3 adders
  2 oozes
  A worm (D:3)
  2 leopard geckos
  2 orcs (D:3)
  3 ball pythons
  4 giant cockroaches
  8 goblins
  5 hobgoblins
  7 jackals
  8 kobolds
  A quokka (D:3)
  11 bats
  2 frilled lizards (D:3)
  5 rats
69 creatures vanquished.

Notes
Turn   | Place    | Note
-------+----------+-------------------------------------------
     0 | D:1      | vatarom the Draconian Chaos Knight began the quest for the Orb.
     0 | D:1      | Reached XP level 1. HP: 19/19 MP: 1/1
   128 | D:1      | XOM: harmless Conj miscast
   129 | D:1      | Reached XP level 2. HP: 26/26 MP: 2/2
   778 | D:1      | XOM: scenery: 1 doors close
   941 | D:2      | XOM: harmless Hex miscast
   976 | D:2      | Found a sparkling altar of Nemelex Xobeh.
   982 | D:2      | Reached XP level 3. HP: 32/33 MP: 3/3
   990 | D:2      | XOM: god gift: glowing falchion {god gift}
  1140 | D:2      | XOM: mild Ice miscast
  1771 | D:3      | Reached XP level 4. HP: 40/40 MP: 4/4
  2440 | D:3      | XOM: divination: detect creatures
  2442 | D:3      | Reached XP level 5. HP: 25/47 MP: 5/5
  2756 | D:4      | XOM: mild Pois miscast
  2768 | D:4      | HP: 2/47 [something (9)]
  2771 | D:4      | Slain by an iguana

Skill      XL: |  1  2  3  4 |
---------------+-------------+-----
Fighting       | 4 |  4.6
Axes           | 4 |  4.7
Dodging        | 3 |  3.1
Long Blades    | |  0.6

Action                   |  1- 3 |  4- 6 || total
-------------------------+-------+-------++-------
Melee: Hand axe          |   106 |    83 ||   189
       Tailslap          |     9 |     8 ||    17
       Falchion          |     4 |       ||     4
  Use: Potion            |     2 |     3 ||     5
       Scroll            |     9 |     1 ||    10
 Stab: Sleeping          |     1 |     2 ||     3
       Distracted        |     1 |       ||     1
       Confused          |       |     1 ||     1
  Eat: Chunk             |     3 |     3 ||     6
Armor: Skin              |    41 |    31 ||    72
Dodge: Dodged            |    69 |    52 ||   121
       Rpst.: Falchion   |     1 |       ||     1
